[Event "1st Bangalore GM-Open-A 2024"]
[Site "Bangalore"]
[Date "2024.01.21"]
[Round "6.18"]
[White "Sammed Jaykumar, Shete"]
[Black "Aakash Sharadchandra, Dalvi"]
[Result "1-0"]
[ECO "B93"]
[WhiteElo "2441"]
[BlackElo "2180"]
[Annotator "RC"]
[PlyCount "55"]
[EventDate "2024.01.20"]
[EventType "swiss"]
[EventCountry "IND"]
[SourceTitle "playchess.com"]
[Source "ChessBase"]
[SourceQuality "1"]
[TimeControl "5400+30"]

1. e4 c5 2. Nf3 d6 3. d4 cxd4 4. Nxd4 Nf6 5. Nc3 a6 6. f4 e5 7. Nf3 Nbd7 8. a4 Be7 9. Bc4 Qa5 10. Qe2 b5 11. Ba2 bxa4 12. Bd2 O-O 13. g4 exf4 14. g5 Ng4 15. Nd5 Qd8 16. Bxf4 a3 17. bxa3 Nde5 18. h4 Nxf3+ 19. Qxf3 Be6 20. O-O-O Kh8 21. Nxe7 Bxa2 22. Bxd6 Re8 23. Qxg4 Rxe7 24. Bxe7 Qxe7 25. Rd3 Bc4 26. Qd7 Qf8 27. Rc3 Be6 28. Qd4 1-0

[Event "1st Bangalore GM-Open-A 2024"]
[Site "Bangalore"]
[Date "2024.01.21"]
[Round "6.19"]
[White "Moksh Amit Doshi"]
[Black "Nitish Belurkar"]
[Result "0-1"]
[ECO "D38"]
[WhiteElo "2355"]
[BlackElo "2435"]
[Annotator "RC"]
[PlyCount "66"]
[EventDate "2024.01.20"]
[EventType "swiss"]
[EventCountry "IND"]
[SourceTitle "playchess.com"]
[Source "ChessBase"]
[SourceQuality "1"]
[TimeControl "5400+30"]

1. d4 Nf6 2. c4 e6 3. Nf3 d5 4. Nc3 Bb4 5. cxd5 exd5 6. Bf4 c5 7. g3 Ne4 8. Rc1 Qa5 9. Bg2 Nc6 10. O-O Bxc3 11. bxc3 Nxc3 12. Qd3 cxd4 13. Rfe1 Ne4 14. Nxd4 Nxd4 15. Qxd4 O-O 16. Be5 f6 17. Bc7 b6 18. f3 Ng5 19. Bd6 Re8 20. a3 Be6 21. h4 Nf7 22. Bb4 Qa4 23. f4 Rad8 24. Rc7 Nd6 25. Rd1 Nf5 26. Qd3 a5 27. Be1 Ne3 28. Rdc1 Bf5 29. Qd2 Nxg2 30. Kxg2 Qe4+ 31. Kg1 Qxe2 32. Qxe2 Rxe2 33. Rb7 d4 0-1

[Event "1st Bangalore GM-Open-A 2024"]
[Site "Bangalore"]
[Date "2024.01.21"]
[Round "6.20"]
[White "Neelotpal, Das"]
[Black "De Silva, L M S T"]
[Result "1-0"]
[ECO "D38"]
[WhiteElo "2329"]
[BlackElo "2398"]
[Annotator "RC"]
[PlyCount "135"]
[EventDate "2024.01.20"]
[EventType "swiss"]
[EventCountry "IND"]
[SourceTitle "playchess.com"]
[Source "ChessBase"]
[SourceQuality "1"]
[TimeControl "5400+30"]

1. d4 Nf6 2. c4 e6 3. Nf3 d5 4. Nc3 Bb4 5. cxd5 exd5 6. Bg5 h6 7. Bh4 O-O 8. e3 Bf5 9. Be2 Nbd7 10. Qb3 Qe7 11. O-O Bxc3 12. bxc3 c5 13. Qxb7 g5 14. Bg3 c4 15. a4 Qe6 16. Nd2 a5 17. Qb5 Rfc8 18. Rfe1 Ra6 19. Qb2 Rb6 20. Qc1 Rb7 21. Bd1 Rc6 22. f3 Bd3 23. Bc2 Rcb6 24. Ra2 Nh5 25. e4 Nxg3 26. hxg3 Nf6 27. exd5 Qxd5 28. Re5 Qd6 29. Bxd3 cxd3 30. Qf1 Nd7 31. Nc4 Qb8 32. Nxb6 Nxe5 33. dxe5 Rxb6 34. Qxd3 Rb1+ 35. Kh2 Qb6 36. Rf2 Re1 37. Rf1 Rxe5 38. Rb1 Qc7 39. Qd4 Re8 40. Rb6 Qe5 41. Qxe5 Rxe5 42. Rb5 Re6 43. c4 Ra6 44. c5 Ra7 45. Kg1 Kg7 46. Rb6 Rc7 47. Rb5 Ra7 48. c6 Rc7 49. Rc5 Kf6 50. Kf2 Ke6 51. Ke3 Kd6 52. Rxa5 Rxc6 53. g4 Rc2 54. Ra6+ Ke5 55. Rxh6 Rxg2 56. Rb6 Ra2 57. Rb5+ Ke6 58. a5 Ra3+ 59. Ke2 f6 60. Rf5 Kd7 61. Kd2 Ke7 62. Kc2 Ke6 63. Kb2 Ra4 64. Kb3 Ra1 65. Kb4 Rb1+ 66. Kc5 Rb3 67. a6 Rb1 68. a7 1-0

[Event "1st Bangalore GM-Open-A 2024"]
[Site "Bangalore"]
[Date "2024.01.21"]
[Round "6.21"]
[White "Venkatesh, M.R."]
[Black "Sriram Adarsh Uppala"]
[Result "1/2-1/2"]
[ECO "B22"]
[WhiteElo "2392"]
[BlackElo "1900"]
[Annotator "RC"]
[PlyCount "60"]
[EventDate "2024.01.20"]
[EventType "swiss"]
[EventCountry "IND"]
[SourceTitle "playchess.com"]
[Source "ChessBase"]
[SourceQuality "1"]
[TimeControl "5400+30"]

1. e4 c5 2. c3 e5 3. Nf3 Nc6 4. Bc4 Nf6 5. Qe2 Bd6 6. a4 O-O 7. d3 h6 8. g4 Be7 9. g5 hxg5 10. Bxg5 d5 11. exd5 Nxd5 12. Rg1 Bxg5 13. Nxg5 Bf5 14. Bxd5 Qxd5 15. Ne4 f6 16. Nbd2 Rad8 17. Rg3 Bxe4 18. dxe4 Qe6 19. Qc4 Qxc4 20. Nxc4 Kf7 21. Rd1 Rxd1+ 22. Kxd1 Rd8+ 23. Ke2 Ne7 24. Rd3 Rxd3 25. Kxd3 Ke6 26. Na3 Nc8 27. Nb5 Kd7 28. Ke3 Nb6 29. b3 a6 30. Na3 Nc8 1/2-1/2

[Event "1st Bangalore GM-Open-A 2024"]
[Site "Bangalore"]
[Date "2024.01.21"]
[Round "6.22"]
[White "Ritviz, Parab"]
[Black "Mukund Hemant Agarwal"]
[Result "1-0"]
[ECO "A08"]
[WhiteElo "2391"]
[BlackElo "1852"]
[Annotator "RC"]
[PlyCount "59"]
[EventDate "2024.01.20"]
[EventType "swiss"]
[EventCountry "IND"]
[SourceTitle "playchess.com"]
[Source "ChessBase"]
[SourceQuality "1"]
[TimeControl "5400+30"]

1. g3 Nf6 2. Bg2 d5 3. Nf3 e6 4. O-O c5 5. d3 Nc6 6. Nbd2 e5 7. e4 Be7 8. exd5 Nxd5 9. Re1 f6 10. c3 Nb6 11. a4 Qxd3 12. a5 Nd7 13. a6 Qd6 14. Nh4 g6 15. Qb3 Qc7 16. Ne4 Nb6 17. axb7 Qxb7 18. Bh6 c4 19. Qd1 Kf7 20. Nd6+ Bxd6 21. Qxd6 Bd7 22. f4 e4 23. Rxe4 Rhe8 24. Rae1 Rxe4 25. Rxe4 Qb8 26. Qc5 Qd8 27. Re1 Ne7 28. Bxa8 Nxa8 29. Qxc4+ Ke8 30. Qg8# 1-0

[Event "1st Bangalore GM-Open-A 2024"]
[Site "Bangalore"]
[Date "2024.01.21"]
[Round "6.23"]
[White "Ghosh, Diptayan"]
[Black "Wagh Suyog"]
[Result "1-0"]
[ECO "A17"]
[WhiteElo "2568"]
[BlackElo "2266"]
[Annotator "TA"]
[PlyCount "105"]
[EventDate "2024.01.20"]
[EventType "swiss"]
[EventCountry "IND"]
[SourceTitle "playchess.com"]
[Source "ChessBase"]
[SourceQuality "1"]
[TimeControl "5400+30"]

1. Nf3 d5 2. e3 Nf6 3. c4 e6 4. Nc3 Bd6 5. b3 b6 6. Bb2 a6 7. g3 O-O 8. cxd5 {[%emt 0:02:04] The position is equal.} exd5 9. Bg2 Bb7 10. O-O Re8 11. Rc1 Nbd7 12. Re1 Nc5 13. d3 Bf8 14. Ne2 Ne6 15. Rc2 c5 16. Nd2 Rc8 17. Qa1 Be7 18. d4 Rc7 19. Rd1 Qa8 20. h4 h5 21. Rcc1 (21. a4 $5 ) 21... Rec8 22. dxc5 bxc5 23. Qb1 Ng4 {[%emt 0:00:55] Dodges Be5} 24. Rf1 g6 25. Bh3 Kh7 (25... d4 $11) 26. Nf4 Nxf4 27. exf4 f5 28. Rfe1 d4 29. Qd3 Bd5 {[%emt 0:03:34] Wards off Re6} 30. Re2 Bf6 31. Rce1 Qc6 32. Nc4 Rd8 (32... Rb8 $1 $15) 33. Bc1 Rdd7 34. Bd2 Re7 (34... Ne3 $5 35. Bxe3 (35. fxe3 Be4 $17 {[%mdl 64] Trapped Piece}) 35... Be4 $15) 35. Na5 Qa8 36. Rxe7+ Bxe7 37. Bf1 Ra7 38. b4 Be4 39. Qb3 {[%emt 0:00:42][%cal Oe1e4] [#] And now Rxe4! would win.} Bf8 40. bxc5 Bxc5 {[%emt 0:00:08][%cal Od4d3] ...d3! is the strong threat.} 41. Rc1 $1 {[%emt 0:00:28] Against d3} Qf8 {[%emt 0:01:02][%cal Od4d3] White must now prevent ...d3!} 42. Bd3 Nf6 43. Qc4 Bb6 (43... Ba3 $11 44. Rc2 Qf7 45. Bxe4 (45. Qxd4 $2 Rd7 $19) 45... Nxe4) 44. Nc6 $16 Bd5 45. Qa4 Ra8 (45... Qe8 $14 46. Qb4 (46. Bxa6 Qe4 47. Kf1 Qh1+ 48. Ke2 Qf3+ 49. Ke1 d3 50. Bxd3 Bxf2+ 51. Kf1 Bxg3+ {[%mdl 64] Discovered Attack} 52. Kg1 Qh1#) 46... Rb7) 46. Nxd4 {[%emt 0:02:02] White is much more active.} (46. Bxa6 $2 Qe8 47. Qc2 Rxa6 $19) (46. Bc4 $16) 46... Kh6 {[%emt 0:00:49] [#]} (46... Qd8 $14) 47. Ba5 (47. Bxa6 $2 {too greedy.} Bxd4 48. Qxd4 Rxa6 $19) (47. Be3 $1 $16 {[%cal Od4f5] aiming for Nxf5+!} Qd8 48. Bc4 (48. Bxa6 $2 Qe7 $19)) 47... Bxa5 (47... Bc5 $14) 48. Qxa5 Qd6 {[%emt 0:00:43] A mistake that costs the game.} (48... Rb8 $16) 49. Bxf5 $1 $18 {[%emt 0:00:48] Strongly threatening Bc2.} Bb7 $2 (49... Rb8 50. a3 Qd8 51. Qxd8 (51. Qxa6 gxf5 52. Nxf5+ Kg6 $11) 51... Rxd8) 50. Bb1 $2 (50. Bxg6 Kxg6 51. Rc7) 50... Qxd4 $2 (50... Qd5 $18 51. Qxd5 Bxd5) 51. Qg5+ {[%emt 0:00:11] White mates.} Kg7 52. Rc7+ ({Not} 52. Bxg6 Kf8 $11) 52... Kf8 53. Qh6+ {[%emt 0:00:04] An entertaining game by Ghosh.   Weighted Error Value: White=0.24 (precise) /Black=0.28 (precise)} 1-0

[Event "1st Bangalore GM-Open-A 2024"]
[Site "Bangalore"]
[Date "2024.01.21"]
[Round "6.24"]
[White "Goutham Krishna H"]
[Black "Lalit Babu M R"]
[Result "1/2-1/2"]
[ECO "A33"]
[WhiteElo "2288"]
[BlackElo "2525"]
[Annotator "TA"]
[PlyCount "88"]
[EventDate "2024.01.20"]
[EventType "swiss"]
[EventCountry "IND"]
[SourceTitle "playchess.com"]
[Source "ChessBase"]
[SourceQuality "1"]
[TimeControl "5400+30"]

1. c4 Nf6 2. Nf3 e6 3. d4 c5 4. Nc3 cxd4 5. Nxd4 Nc6 6. a3 Bc5 7. Nb3 Bb6 8. e4 h6 (8... d5 {is interesting.} 9. cxd5 exd5 10. exd5 Ng4) 9. Be2 {[%emt 0:14:25] White has an edge.} O-O 10. O-O d6 11. Kh1 (11. Qd3 $5) 11... e5 12. Qd3 Be6 13. Be3 Bxe3 14. Qxe3 Rc8 15. Rfd1 a6 {[%emt 0:01:39][%cal Ob7b5] Dodges Nb5} 16. Rac1 Re8 (16... Ne7 $5 ) 17. f3 Re7 18. Na4 Na5 (18... Rb8 $11 {keeps the balance.}) 19. Nb6 $16 Rc6 {[%emt 0:00:15] Threatens to win with ...Nxb3.} 20. Nxa5 Qxb6 21. Qxb6 Rxb6 22. b4 Rc7 23. Rd2 Kf8 24. g4 Ke7 {[%emt 0:00:50] [#]} (24... h5 $142) 25. Rdc2 $1 Bd7 {[%emt 0:02:51] [#]} 26. c5 $1 dxc5 27. bxc5 (27. Rxc5 $142 Rxc5 28. Rxc5) 27... Ba4 (27... Re6 $2 28. Bc4 $18) 28. cxb6 Rxc2 29. Rxc2 Bxc2 30. Nxb7 {[%emt 0:00:51][%mdl 4096] Endgame Nc5 would be deadly. KBN-KBN} Nd7 {[%emt 0:00:21] Dodges Nc5} 31. Bxa6 Nxb6 32. Kg2 g6 (32... Na4 $14) 33. Kg3 Na4 34. Bb5 ({White should play} 34. Na5 $16) 34... Nc3 $11 {[%emt 0:00:15] The position is equal.} 35. Bc4 Nb1 36. a4 Bxa4 37. Nc5 Bd1 38. Bb3 Bxb3 39. Nxb3 {[%emt 0:00:01] KN-KN} Nc3 40. Kf2 Nb5 41. h4 Nc7 42. Nc5 Kd6 43. Nd3 Ke6 44. Nc5+ Kd6 {[%emt 0:00:25] White really could win this.   Weighted Error Value: White=0.09 (flawless) /Black=0.09 (flawless)} 1/2-1/2

[Event "1st Bangalore GM-Open-A 2024"]
[Site "Bangalore"]
[Date "2024.01.21"]
[Round "6.25"]
[White "Savchenko, Boris"]
[Black "Rosh Jain"]
[Result "1-0"]
[ECO "B46"]
[WhiteElo "2489"]
[BlackElo "2221"]
[Annotator "RC"]
[PlyCount "75"]
[EventDate "2024.01.20"]
[EventType "swiss"]
[EventCountry "IND"]
[SourceTitle "playchess.com"]
[Source "ChessBase"]
[SourceQuality "1"]
[TimeControl "5400+30"]

1. e4 c5 2. Nc3 e6 3. Nf3 Nc6 4. d4 cxd4 5. Nxd4 a6 6. Nxc6 bxc6 7. Bd3 d5 8. Qe2 Bb7 9. O-O Nf6 10. b3 Be7 11. Bb2 O-O 12. Na4 c5 13. exd5 exd5 14. Qe5 Bd6 15. Qf5 d4 16. Ba3 Rc8 17. c3 c4 18. Bxd6 Qxd6 19. Bxc4 dxc3 20. Rfd1 Qc6 21. f3 Ne8 22. Qf4 c2 23. Rd2 Qg6 24. Rc1 Nf6 25. Rcxc2 Rfe8 26. Bd3 Qh5 27. Rxc8 Rxc8 28. Rc2 Qd5 29. Rxc8+ Bxc8 30. Qe3 Bb7 31. Nc5 Bc6 32. Nxa6 Qd6 33. Nc5 Nd5 34. Qd4 Qh6 35. Be4 Qd6 36. Nd3 g6 37. Kf2 Qd8 38. Bxd5 1-0

[Event "1st Bangalore GM-Open-A 2024"]
[Site "Bangalore"]
[Date "2024.01.21"]
[Round "6.26"]
[White "Saurabh Anand"]
[Black "Mohammad Nubairshah Shaikh"]
[Result "0-1"]
[ECO "D10"]
[WhiteElo "2243"]
[BlackElo "2428"]
[Annotator "ChessBase"]
[PlyCount "122"]
[EventDate "2024.01.20"]
[EventType "swiss"]
[EventCountry "IND"]
[SourceTitle "playchess.com"]
[Source "ChessBase"]
[SourceQuality "1"]
[TimeControl "5400+30"]

1. d4 d5 2. c4 c6 3. Nc3 dxc4 4. e3 b5 5. a4 b4 6. Ne4 Qd5 7. Nd2 c3 8. bxc3 bxc3 9. Nb1 Qa5 10. Qc2 Na6 11. Qxc3 Nb4 12. Bd2 e6 13. Nf3 Nf6 14. Ne5 Ne4 15. Qc1 Bb7 16. Be2 Be7 17. O-O O-O 18. f3 Nf6 19. Nd3 Nxd3 20. Bxa5 Nxc1 21. Rxc1 c5 22. Nd2 cxd4 23. exd4 Rac8 24. Rab1 Rxc1+ 25. Rxc1 Nd5 26. Ne4 Rc8 27. Rxc8+ Bxc8 28. Kf2 f5 29. Nc3 Nb4 30. Bc7 Nc6 31. d5 Bc5+ 32. Kf1 exd5 33. Nxd5 Be6 34. Nf4 Bb3 35. a5 Kf7 36. g4 Be3 37. gxf5 Nxa5 38. Bxa5 Bxf4 39. Kg2 Bc2 40. Ba6 Bxf5 41. Bc3 Be3 42. Kg3 g6 43. Be5 Ke6 44. Bf4 Bxf4+ 45. Kxf4 Kf6 46. Kg3 Ke5 47. Kf2 Kf4 48. Ke2 Be6 49. Bb7 Bc4+ 50. Kd2 h5 51. Be4 g5 52. Bc6 h4 53. Bb7 Bb5 54. Bd5 a5 55. Bb7 a4 56. Bd5 Ba6 57. Bc6 a3 58. Kc3 a2 59. Kb2 Bc4 60. Ka1 Be6 61. Kb2 Ke5 0-1

[Event "1st Bangalore GM-Open-A 2024"]
[Site "Bangalore"]
[Date "2024.01.21"]
[Round "6.27"]
[White "Roy Chowdhury, Saptarshi"]
[Black "Kaustuv, Kundu"]
[Result "0-1"]
[ECO "B50"]
[WhiteElo "2233"]
[BlackElo "2423"]
[Annotator "RC"]
[PlyCount "82"]
[EventDate "2024.01.20"]
[EventType "swiss"]
[EventCountry "IND"]
[SourceTitle "playchess.com"]
[Source "ChessBase"]
[SourceQuality "1"]
[TimeControl "5400+30"]

1. Nf3 c5 2. e4 d6 3. Bc4 Nf6 4. d3 Bg4 5. e5 d5 6. Bb3 Ng8 7. h3 Bf5 8. O-O Nc6 9. Re1 e6 10. Ba4 Rc8 11. Nbd2 h6 12. Nf1 Nge7 13. d4 Qa5 14. c3 b5 15. Bb3 cxd4 16. Nxd4 Nxd4 17. Qxd4 Nc6 18. Qd1 Qc7 19. Bf4 g5 20. Bg3 Bg7 21. Ne3 Be4 22. a4 bxa4 23. Bxa4 O-O 24. Bxc6 Qxc6 25. Ng4 Rb8 26. Qd2 d4 27. f3 dxc3 28. bxc3 Bg6 29. h4 Rfd8 30. Qc1 Rd3 31. hxg5 Rxc3 32. Qf4 Rc4 33. Qe3 Rb2 34. Nf6+ Bxf6 35. gxf6 Rcc2 36. Rac1 Rxg2+ 37. Kh1 Rgc2 38. Rcd1 Rb8 39. Rf1 Kh7 40. Rd4 Rc3 41. Qf4 Rb1 0-1

[Event "1st Bangalore GM-Open-A 2024"]
[Site "Bangalore"]
[Date "2024.01.21"]
[Round "6.28"]
[White "Frayna, Janelle Mae"]
[Black "Adireddy Arjun"]
[Result "1/2-1/2"]
[ECO "D78"]
[WhiteElo "2197"]
[BlackElo "2415"]
[Annotator "ChessBase"]
[PlyCount "140"]
[EventDate "2024.01.20"]
[EventType "swiss"]
[EventCountry "IND"]
[SourceTitle "playchess.com"]
[Source "ChessBase"]
[SourceQuality "1"]
[TimeControl "5400+30"]

1. Nf3 d5 2. c4 c6 3. g3 Nf6 4. Bg2 g6 5. Qa4 Nbd7 6. cxd5 cxd5 7. O-O Bg7 8. d4 O-O 9. Nc3 Nb6 10. Qb3 Ne4 11. Bf4 Nxc3 12. Qxc3 Bg4 13. Rac1 Rc8 14. Qd3 Qd7 15. Ne5 Bxe5 16. Bxe5 Nc4 17. b3 Bf5 18. Qd1 Nxe5 19. dxe5 Rxc1 20. Qxc1 Rc8 21. Qa3 b6 22. Rc1 Rxc1+ 23. Qxc1 d4 24. Qc6 Qxc6 25. Bxc6 Kg7 26. Kf1 f6 27. exf6+ Kxf6 28. Ke1 Ke5 29. b4 a5 30. a3 Kd6 31. Ba4 e5 32. h4 e4 33. Kd2 Ke5 34. Bc6 h6 35. Ba4 Be6 36. Bc6 Bd5 37. Be8 g5 38. hxg5 hxg5 39. Ba4 Kd6 40. Bc2 Ke5 41. Ba4 Be6 42. Bc6 Bc4 43. Bb7 Bb5 44. Ba8 Bd7 45. Bb7 a4 46. Ba8 b5 47. Bb7 Be8 48. Ba8 Bd7 49. Bb7 Be6 50. Bc6 Bc4 51. Be8 Kd6 52. Bg6 Bd5 53. Be8 Bc6 54. Bg6 Ke6 55. Bh7 Ke5 56. Bg6 Kf6 57. Bh7 Bd5 58. Kc2 Ke5 59. Bg6 Bc6 60. Kd2 Bd7 61. Bf7 Kd6 62. Kc2 Bc6 63. Kd2 Ke5 64. Bg6 Kf6 65. Bh7 Bd5 66. Kc2 g4 67. Kd2 Kg5 68. Kc2 Kf6 69. Kd2 Kg5 70. Kc2 Kf6 1/2-1/2

[Event "1st Bangalore GM-Open-A 2024"]
[Site "Bangalore"]
[Date "2024.01.21"]
[Round "6.29"]
[White "Vishnu Prasanna. V"]
[Black "Rajarishi Karthi"]
[Result "1/2-1/2"]
[ECO "E17"]
[WhiteElo "2413"]
[BlackElo "2183"]
[Annotator "RC"]
[PlyCount "138"]
[EventDate "2024.01.20"]
[EventType "swiss"]
[EventCountry "IND"]
[SourceTitle "playchess.com"]
[Source "ChessBase"]
[SourceQuality "1"]
[TimeControl "5400+30"]

1. d4 d5 2. c4 e6 3. Nf3 Nf6 4. g3 Be7 5. Bg2 O-O 6. Nbd2 b6 7. O-O Bb7 8. b3 Nbd7 9. Bb2 c5 10. Ne1 Rc8 11. Nd3 Qc7 12. cxd5 Bxd5 13. e4 Bb7 14. Rc1 Qb8 15. dxc5 Nxc5 16. Nxc5 Rxc5 17. Rxc5 Bxc5 18. Bxf6 gxf6 19. Nc4 Ba6 20. Qg4+ Kh8 21. Qh4 Kg7 22. e5 Qd8 23. Qg4+ Kh8 24. Rd1 Qe7 25. Qf4 Kg7 26. Bc6 fxe5 27. Nxe5 Bc8 28. b4 Bd6 29. Be4 Bxe5 30. Qxe5+ f6 31. Qd4 e5 32. Qd2 Bg4 33. Re1 Rd8 34. Qc3 Qd6 35. a3 Rc8 36. Qe3 a5 37. Bf3 Bxf3 38. Qxf3 Rc4 39. bxa5 bxa5 40. Rb1 Rc7 41. h4 Qe6 42. Qa8 Qa2 43. Rb8 a4 44. Kg2 Qc4 45. Rb4 Qc6+ 46. Qxc6 Rxc6 47. Rxa4 Rc3 48. Ra8 Kg6 49. a4 e4 50. a5 Rc2 51. a6 Ra2 52. Kf1 Kf5 53. a7 Ra1+ 54. Ke2 Ra2+ 55. Ke3 Ra3+ 56. Kd4 Ra4+ 57. Kc5 Ra2 58. Kd6 h5 59. Ke7 Ra6 60. Kf7 Ra3 61. g4+ hxg4 62. h5 e3 63. fxe3 g3 64. e4+ Kf4 65. h6 g2 66. Rg8 Rxa7+ 67. Kxf6 Ra6+ 68. Kf7 Rxh6 69. Rxg2 Kxe4 1/2-1/2

[Event "1st Bangalore GM-Open-A 2024"]
[Site "Bangalore"]
[Date "2024.01.21"]
[Round "6.30"]
[White "Subhayan Kundu"]
[Black "Alekhya Mukhopadhyay"]
[Result "1-0"]
[ECO "B41"]
[WhiteElo "2385"]
[BlackElo "2184"]
[Annotator "RC"]
[PlyCount "189"]
[EventDate "2024.01.20"]
[EventType "swiss"]
[EventCountry "IND"]
[SourceTitle "playchess.com"]
[Source "ChessBase"]
[SourceQuality "1"]
[TimeControl "5400+30"]

1. e4 c5 2. Nf3 e6 3. d4 cxd4 4. Nxd4 a6 5. c4 Nf6 6. Nc3 Bb4 7. Qd3 Qc7 8. a3 Bxc3+ 9. Qxc3 O-O 10. f3 d6 11. Be2 e5 12. Nc2 Be6 13. Bg5 Nbd7 14. Rc1 h6 15. Bd2 Rfc8 16. Ne3 a5 17. O-O a4 18. Rc2 Nb8 19. Rd1 Nc6 20. Be1 Nd4 21. Rxd4 exd4 22. Qxd4 Nd7 23. Bg3 Ra6 24. Rd2 Ne5 25. c5 Qxc5 26. Bxa6 bxa6 27. Qxc5 Rxc5 28. Rxd6 Nc4 29. Nxc4 Bxc4 30. Bf2 Rc7 31. Bb6 Rc8 32. Bd4 Bb5 33. Bc3 Rc7 34. Rd8+ Kh7 35. Kf2 Rd7 36. Rc8 Kg6 37. h4 f6 38. Ke3 Rd3+ 39. Kf4 Rd7 40. Rc5 h5 41. e5 fxe5+ 42. Rxe5 Rf7+ 43. Ke4 Rd7 44. Bd4 Bc6+ 45. Ke3 Bb5 46. Bc3 Rd3+ 47. Kf4 Rd7 48. Kg3 Kh6 49. Bb4 Rd3 50. Bc5 Kg6 51. Be3 Kf6 52. Re4 Rd5 53. Bg5+ Kf7 54. Re7+ Kf8 55. Rc7 Rd7 56. Rc5 Kf7 57. Bf4 g6 58. Be5 Ke6 59. Bc3 Rd5 60. Rc7 Rd7 61. Rc8 Rf7 62. Kf2 Rd7 63. Ke3 Rd3+ 64. Kf4 Rd5 65. Rg8 Bd3 66. Ke3 Kf7 67. Rg7+ Kf8 68. Rb7 Bb5 69. Ke4 Rd7 70. Rb6 Bd3+ 71. Ke3 Kf7 72. Bd4 Bf5 73. Rxa6 Bc2 74. Rc6 Bb1 75. Rc4 Ke6 76. Rxa4 Kd5 77. Ra5+ Kc4 78. Rc5+ Kb3 79. Bc3 Re7+ 80. Kf4 Re2 81. g3 Bd3 82. Rd5 Bb1 83. Rd4 Bf5 84. a4 Re6 85. a5 Re8 86. Rb4+ Kc2 87. a6 Rf8 88. Kg5 Bd3 89. a7 Rf5+ 90. Kh6 Ra5 91. Bd4 Be2 92. Bb6 Ra6 93. Rf4 Bb5 94. Rf8 Bc6 95. Rc8 1-0

[Event "1st Bangalore GM-Open-A 2024"]
[Site "Bangalore"]
[Date "2024.01.21"]
[Round "6.31"]
[White "Patil Harshal"]
[Black "Kushagra Mohan"]
[Result "0-1"]
[ECO "E60"]
[WhiteElo "2182"]
[BlackElo "2374"]
[Annotator "ChessBase"]
[PlyCount "138"]
[EventDate "2024.01.20"]
[EventType "swiss"]
[EventCountry "IND"]
[SourceTitle "playchess.com"]
[Source "ChessBase"]
[SourceQuality "1"]
[TimeControl "5400+30"]

1. d4 Nf6 2. c4 g6 3. g3 Bg7 4. Bg2 d6 5. Nf3 O-O 6. O-O c5 7. dxc5 dxc5 8. Qxd8 Rxd8 9. Ne5 Ne8 10. Nd3 Na6 11. Nc3 Bxc3 12. bxc3 Nd6 13. Bg5 f6 14. Bd5+ Kg7 15. Be3 Nf5 16. Bf4 e6 17. Bg2 g5 18. Bc1 Rb8 19. a4 Nd6 20. Be3 Nxc4 21. Bxc5 Nxc5 22. Nxc5 b6 23. Nb3 a5 24. Rfd1 Bd7 25. Nd4 Rbc8 26. Bc6 Kf7 27. Bb5 Bxb5 28. Nxb5 Ke7 29. Rdb1 Rd2 30. Na3 Nb2 31. Nb5 Rc5 32. Kf1 Nc4 33. Na3 Rd6 34. Nxc4 Rxc4 35. Rb3 Kd7 36. Ke1 Kc7 37. f3 h5 38. Kf2 e5 39. Ke3 g4 40. Kf2 Rdc6 41. Raa3 R6c5 42. e4 Rc6 43. fxg4 hxg4 44. Ke3 Rd6 45. Ra2 Kc6 46. Ra1 Kc7 47. Ra2 Rd1 48. Rf2 Rc6 49. Ra3 Rcd6 50. Rb2 Re1+ 51. Re2 Rf1 52. Rb2 Rf3+ 53. Ke2 Rc6 54. Kd2 Rf2+ 55. Kc1 Rf1+ 56. Kc2 Re1 57. Kd3 Rd6+ 58. Kc4 Rxe4+ 59. Kb3 Re1 60. Rf2 Kd7 61. Raa2 Ke6 62. Kc4 Re3 63. Rac2 f5 64. Kb5 e4 65. c4 Rb3+ 66. Ka6 Ke5 67. c5 bxc5+ 68. Kxa5 Rc6 69. Rc1 Rc8 0-1

[Event "1st Bangalore GM-Open-A 2024"]
[Site "Bangalore"]
[Date "2024.01.21"]
[Round "6.32"]
[White "Gonzales, Jayson"]
[Black "Nayak Rajesh"]
[Result "1/2-1/2"]
[ECO "A36"]
[WhiteElo "2367"]
[BlackElo "2170"]
[Annotator "RC"]
[PlyCount "88"]
[EventDate "2024.01.20"]
[EventType "swiss"]
[EventCountry "IND"]
[SourceTitle "playchess.com"]
[Source "ChessBase"]
[SourceQuality "1"]
[TimeControl "5400+30"]

1. c4 Nf6 2. Nc3 g6 3. g3 Bg7 4. Bg2 O-O 5. e4 c5 6. Nge2 Nc6 7. d3 d6 8. O-O Rb8 9. h3 a6 10. a4 Ne8 11. Be3 Nd4 12. Rb1 Nc7 13. b4 Bd7 14. b5 a5 15. f4 f5 16. Qd2 Nce6 17. Kh2 Nxe2 18. Nxe2 Nd4 19. exf5 gxf5 20. Rbe1 b6 21. Bf2 Nxe2 22. Rxe2 e5 23. Bd5+ Kh8 24. Rfe1 Qc7 25. Be3 Rfe8 26. fxe5 dxe5 27. Bh6 Bf6 28. Rf1 Qd6 29. Ref2 Re7 30. Be4 Bg7 31. Bxg7+ Rxg7 32. Bxf5 e4 33. Qf4 Qxf4 34. Rxf4 Bxf5 35. Rxf5 exd3 36. Rd5 Re8 37. Rxd3 Re2+ 38. Kg1 Rc2 39. Rf4 Re7 40. Kf1 Kg7 41. Rd6 Ree2 42. Rd7+ Kg6 43. Rd6+ Kg7 44. Rd7+ Kg6 1/2-1/2

[Event "1st Bangalore GM-Open-A 2024"]
[Site "Bangalore"]
[Date "2024.01.21"]
[Round "6.33"]
[White "Dhananjay S"]
[Black "Liyanage, Ranindu Dilshan"]
[Result "1/2-1/2"]
[ECO "B30"]
[WhiteElo "2151"]
[BlackElo "2366"]
[Annotator "RC"]
[PlyCount "96"]
[EventDate "2024.01.20"]
[EventType "swiss"]
[EventCountry "IND"]
[SourceTitle "playchess.com"]
[Source "ChessBase"]
[SourceQuality "1"]
[TimeControl "5400+30"]

1. e4 c5 2. Nf3 Nc6 3. Bb5 Nf6 4. Bxc6 dxc6 5. d3 Qc7 6. e5 Nd5 7. h3 g6 8. Qe2 Bg7 9. O-O O-O 10. c4 Nb6 11. Bf4 h6 12. Nc3 Be6 13. Rad1 Rfd8 14. Qe3 Nd7 15. Ne4 b6 16. Nf6+ Kh8 17. Nxd7 g5 18. Nxc5 bxc5 19. Bg3 Qa5 20. Rd2 Bf5 21. b3 e6 22. Rfd1 Rd7 23. d4 cxd4 24. Nxd4 Rad8 25. Nf3 Rxd2 26. Rxd2 Rxd2 27. Qxd2 Qxd2 28. Nxd2 Bf8 29. f3 Bd3 30. Ne4 Bb4 31. Bf2 a6 32. Bd4 Bb1 33. Kf2 Bxa2 34. Bc5 Ba5 35. b4 Bc7 36. Nd6 Kg8 37. Ke3 f6 38. exf6 Bxd6 39. Bxd6 Bxc4 40. f4 gxf4+ 41. Bxf4 h5 42. g4 hxg4 43. hxg4 Kf7 44. g5 Bb5 45. Kd4 Bf1 46. Kc5 Bb5 47. Be5 Bf1 48. Kd6 Bd3 1/2-1/2

[Event "1st Bangalore GM-Open-A 2024"]
[Site "Bangalore"]
[Date "2024.01.21"]
[Round "6.34"]
[White "Nguyen Van Huy"]
[Black "Sarwat, Walaa"]
[Result "1-0"]
[ECO "D29"]
[WhiteElo "2364"]
[BlackElo "2175"]
[Annotator "ChessBase"]
[PlyCount "111"]
[EventDate "2024.01.20"]
[EventType "swiss"]
[EventCountry "IND"]
[SourceTitle "playchess.com"]
[Source "ChessBase"]
[SourceQuality "1"]
[TimeControl "5400+30"]

1. d4 d5 2. Nf3 Nf6 3. c4 dxc4 4. e3 c5 5. Bxc4 e6 6. O-O a6 7. Qe2 b5 8. Bb3 Bb7 9. a4 b4 10. Rd1 Nbd7 11. Nbd2 Be7 12. Nc4 O-O 13. a5 Qc7 14. Bd2 Rac8 15. Rac1 Bd5 16. dxc5 Nxc5 17. Bc2 b3 18. Bb1 Rcd8 19. Be1 Qb7 20. Nb6 Bc6 21. Rxd8 Rxd8 22. Bb4 Bb5 23. Qe1 Na4 24. Bxe7 Qxe7 25. Nxa4 Bxa4 26. h3 g6 27. Rd1 Qc7 28. Bd3 Rd5 29. Bxa6 Rxd1 30. Qxd1 Qxa5 31. Bc4 Qb4 32. Qd8+ Kg7 33. Qd4 Bb5 34. Bxe6 Qxd4 35. Nxd4 fxe6 36. Nxb5 e5 37. Kf1 Kf7 38. Ke2 Ne4 39. f3 Nc5 40. Nc3 Ke6 41. Kd2 h5 42. h4 Kf5 43. e4+ Ke6 44. Nd1 Kf6 45. Kc3 g5 46. Kc4 Ne6 47. hxg5+ Kxg5 48. g3 Nd4 49. Nf2 Nxf3 50. Kxb3 h4 51. gxh4+ Kxh4 52. Kc4 Kg3 53. Nd3 Nd2+ 54. Kd5 Kf3 55. Nxe5+ Kf4 56. Nd3+ 1-0